[ PARTIDA AOE2 · #513862380 ]
UnrankedMuiscas vs Muisca
Equipo del jugador · VICT
Equipo rival · DERR
[ ANÁLISIS DE REPETICIÓN · EXTRAÍDO DE LA PARTIDA GRABADA ]
Feudal
12:18
Castillos
24:00
Imperial
—
| APM promedio | 37.4 |
| APM pico | 76 |
| eAPM promedio | 16.9 |
| Aldeanos / militares | 61 / 4 |
Foco
⚔️ 35.4% · 🌾 64.6%
Unknown (2550) ×46 · Mangonel ×2 · Scorpion ×2
Feudal
8:53
Castillos
25:29
Imperial
—
| APM promedio | 38.5 |
| APM pico | 86 |
| eAPM promedio | 17.0 |
| Aldeanos / militares | 51 / 43 |
Foco
⚔️ 44.7% · 🌾 55.3%
Archer ×43 · Unknown (2550) ×5
Mapa de la partida
Recursos iniciales + cada clic de construcción. Líneas = muros · curvas = relieve. ◆ oro · ⬟ piedra · ● bayas · ✦ reliquia · ◌ hueco del cierre
Tu base· Abierta — hueco de 3t
Base de Alabaghar· Abierta — hueco de 6t
Terreno inicial suavizado · ◌ = hueco del cierre detectado · pasá el cursor para detalles
Inputs por minuto
— niksu - - Alabaghar
Build order — niksu
Primeras 150 de 204 acciones detectadas
| 0:02 | Encolar | Villager (Male) |
| 0:02 | Encolar | Villager (Male) |
| 0:02 | Encolar | Villager (Male) |
| 0:03 | Construir | House |
| 0:05 | Construir | House |
| 0:07 | Encolar | Villager (Male) |
| 0:08 | Encolar | Villager (Male) |
| 1:24 | Encolar | Villager (Male) |
| 2:01 | Encolar | Villager (Male) |
| 2:10 | Construir | Settlement |
| 2:24 | Encolar | Villager (Male) |
| 2:55 | Encolar | Villager (Male) |
| 3:19 | Encolar | Villager (Male) |
| 3:42 | Encolar | Villager (Male) |
| 4:10 | Encolar | Villager (Male) |
| 4:33 | Encolar | Villager (Male) |
| 4:35 | Construir | Barracks |
| 4:43 | Construir | House |
| 4:55 | Encolar | Villager (Male) |
| 5:25 | Encolar | Villager (Male) |
| 5:31 | Encolar | Unit 2550 |
| 5:31 | Encolar | Unit 2550 |
| 5:50 | Encolar | Villager (Male) |
| 5:51 | Encolar | Unit 2550 |
| 6:08 | Encolar | Villager (Male) |
| 6:34 | Encolar | Villager (Male) |
| 6:37 | Encolar | Unit 2550 |
| 7:02 | Encolar | Villager (Male) |
| 7:05 | Construir | Farm |
| 7:13 | Construir | Palisade Wall |
| 7:17 | Construir | Settlement |
| 7:32 | Encolar | Villager (Male) |
| 7:32 | Encolar | Villager (Male) |
| 7:42 | Encolar | Villager (Male) |
| 8:04 | Encolar | Villager (Male) |
| 8:15 | Construir | Outpost |
| 8:19 | Encolar | Villager (Male) |
| 8:29 | Encolar | Villager (Male) |
| 8:32 | Construir | Farm |
| 8:39 | Construir | House |
| 9:15 | Construir | Palisade Wall |
| 9:21 | Construir | Palisade Wall |
| 9:22 | Construir | Palisade Wall |
| 9:28 | Investigar | Loom |
| 9:41 | Construir | Palisade Wall |
| 9:47 | Investigar | Feudal Age |
| 10:20 | Construir | Farm |
| 10:21 | Encolar | Unit 2550 |
| 10:37 | Construir | House |
| 11:04 | Encolar | Unit 2550 |
| 11:16 | Construir | Farm |
| 11:28 | Construir | Farm |
| 11:30 | Construir | Farm |
| 11:33 | Construir | Palisade Wall |
| 11:35 | Encolar | Villager (Male) |
| 11:37 | Encolar | Unit 2550 |
| 11:59 | Construir | Palisade Wall |
| 12:18 | Edad | Edad Feudal |
| 12:25 | Investigar | Tech 1402 |
| 12:36 | Construir | Farm |
| 12:38 | Encolar | Villager (Male) |
| 12:44 | Construir | Farm |
| 12:48 | Construir | Palisade Wall |
| 12:53 | Construir | Farm |
| 13:05 | Encolar | Unit 2550 |
| 13:06 | Encolar | Villager (Male) |
| 13:13 | Construir | Blacksmith |
| 13:17 | Investigar | Double-Bit Axe |
| 13:35 | Encolar | Unit 2550 |
| 13:36 | Encolar | Villager (Male) |
| 13:48 | Encolar | Villager (Male) |
| 13:51 | Construir | Farm |
| 13:54 | Encolar | Villager (Male) |
| 13:59 | Investigar | Scale Mail Armor |
| 14:08 | Encolar | Unit 2550 |
| 14:13 | Construir | Palisade Wall |
| 14:22 | Encolar | Villager (Male) |
| 14:24 | Encolar | Unit 2550 |
| 14:47 | Construir | Watch Tower |
| 14:49 | Investigar | Fletching |
| 14:55 | Encolar | Unit 2550 |
| 15:49 | Construir | House |
| 15:53 | Encolar | Unit 2550 |
| 15:57 | Encolar | Villager (Male) |
| 16:08 | Encolar | Villager (Male) |
| 16:24 | Investigar | Forging |
| 16:38 | Construir | House |
| 16:39 | Encolar | Villager (Male) |
| 17:09 | Encolar | Unit 2550 |
| 17:10 | Encolar | Unit 2550 |
| 17:14 | Construir | House |
| 17:47 | Encolar | Unit 2550 |
| 17:48 | Encolar | Unit 2550 |
| 18:00 | Encolar | Unit 2550 |
| 18:12 | Encolar | Villager (Male) |
| 18:14 | Construir | Farm |
| 18:16 | Construir | Farm |
| 18:17 | Construir | Farm |
| 18:29 | Construir | Market |
| 18:43 | Construir | House |
| 18:51 | Construir | Settlement |
| 18:52 | Encolar | Villager (Male) |
| 18:53 | Encolar | Villager (Male) |
| 19:01 | Construir | Farm |
| 19:01 | Construir | Farm |
| 19:15 | Construir | Farm |
| 19:17 | Construir | Farm |
| 20:05 | Encolar | Villager (Male) |
| 20:05 | Encolar | Villager (Male) |
| 20:05 | Encolar | Villager (Male) |
| 20:37 | Encolar | Villager (Male) |
| 20:49 | Construir | Farm |
| 20:50 | Construir | Farm |
| 20:50 | Construir | Farm |
| 21:00 | Investigar | Castle Age |
| 21:07 | Construir | Farm |
| 21:10 | Construir | Barracks |
| 21:12 | Encolar | Unit 2550 |
| 21:17 | Construir | Farm |
| 21:30 | Encolar | Unit 2550 |
| 21:32 | Encolar | Villager (Male) |
| 21:42 | Investigar | Horse Collar |
| 21:52 | Investigar | Gold Mining |
| 22:04 | Encolar | Unit 2550 |
| 22:04 | Encolar | Unit 2550 |
| 22:10 | Construir | Farm |
| 22:12 | Construir | Farm |
| 22:22 | Encolar | Unit 2550 |
| 22:22 | Encolar | Unit 2550 |
| 22:37 | Construir | Farm |
| 22:43 | Construir | Outpost |
| 22:56 | Construir | Outpost |
| 22:58 | Encolar | Unit 2550 |
| 22:58 | Encolar | Unit 2550 |
| 23:09 | Encolar | Unit 2550 |
| 23:31 | Construir | Farm |
| 23:37 | Construir | House |
| 23:40 | Construir | House |
| 23:47 | Construir | Farm |
| 24:00 | Edad | Edad de los Castillos |
| 24:04 | Investigar | Chain Mail Armor |
| 24:06 | Investigar | Tech 1351 |
| 24:11 | Encolar | Unit 2550 |
| 24:17 | Encolar | Villager (Male) |
| 24:21 | Construir | Siege Workshop |
| 24:29 | Encolar | Villager (Male) |
| 24:46 | Encolar | Villager (Male) |
| 24:48 | Encolar | Unit 2550 |
| 24:49 | Encolar | Unit 2550 |
| 24:54 | Construir | Outpost |
Build order — Alabaghar
Primeras 150 de 182 acciones detectadas
| 0:01 | Encolar | Villager (Male) |
| 0:01 | Encolar | Villager (Male) |
| 0:02 | Construir | House |
| 0:06 | Construir | House |
| 0:15 | Encolar | Villager (Male) |
| 0:38 | Encolar | Villager (Male) |
| 1:30 | Encolar | Villager (Male) |
| 1:30 | Encolar | Villager (Male) |
| 1:54 | Construir | Settlement |
| 2:09 | Encolar | Villager (Male) |
| 2:18 | Encolar | Villager (Male) |
| 2:50 | Encolar | Villager (Male) |
| 3:08 | Encolar | Villager (Male) |
| 3:16 | Construir | House |
| 3:39 | Encolar | Villager (Male) |
| 3:39 | Encolar | Villager (Male) |
| 4:08 | Encolar | Villager (Male) |
| 4:08 | Encolar | Villager (Male) |
| 4:17 | Construir | Settlement |
| 4:50 | Encolar | Villager (Male) |
| 5:15 | Encolar | Villager (Male) |
| 5:26 | Encolar | Villager (Male) |
| 6:00 | Investigar | Loom |
| 6:42 | Investigar | Feudal Age |
| 7:09 | Construir | Barracks |
| 8:04 | Encolar | Unit 2550 |
| 8:04 | Encolar | Unit 2550 |
| 8:07 | Construir | Palisade Wall |
| 8:09 | Construir | Palisade Wall |
| 8:17 | Construir | Palisade Wall |
| 8:20 | Encolar | Unit 2550 |
| 8:30 | Construir | House |
| 8:53 | Edad | Edad Feudal |
| 9:02 | Investigar | Tech 1402 |
| 9:02 | Investigar | Tech 1402 |
| 9:10 | Construir | Archery Range |
| 9:16 | Encolar | Villager (Male) |
| 9:28 | Investigar | Double-Bit Axe |
| 9:53 | Encolar | Unit 2550 |
| 10:01 | Encolar | Villager (Male) |
| 10:05 | Construir | House |
| 10:07 | Construir | Palisade Wall |
| 10:33 | Encolar | Archer |
| 10:47 | Construir | House |
| 10:48 | Construir | Palisade Wall |
| 10:51 | Encolar | Villager (Male) |
| 11:08 | Encolar | Villager (Male) |
| 11:17 | Encolar | Villager (Male) |
| 11:19 | Construir | Farm |
| 11:19 | Construir | Farm |
| 11:19 | Construir | Farm |
| 11:36 | Encolar | Archer |
| 11:36 | Encolar | Archer |
| 11:37 | Encolar | Villager (Male) |
| 12:10 | Encolar | Archer |
| 12:13 | Construir | House |
| 12:26 | Encolar | Archer |
| 12:45 | Construir | Farm |
| 13:02 | Encolar | Villager (Male) |
| 13:03 | Encolar | Archer |
| 13:13 | Construir | Blacksmith |
| 13:24 | Encolar | Villager (Male) |
| 13:27 | Construir | Farm |
| 13:50 | Encolar | Unit 2550 |
| 14:07 | Investigar | Fletching |
| 14:07 | Investigar | Fletching |
| 14:09 | Encolar | Villager (Male) |
| 14:10 | Construir | Farm |
| 14:32 | Construir | Farm |
| 14:34 | Construir | Farm |
| 14:42 | Construir | Palisade Gate |
| 14:47 | Construir | Palisade Gate |
| 14:53 | Construir | House |
| 14:55 | Construir | House |
| 15:02 | Construir | Palisade Wall |
| 15:05 | Construir | House |
| 15:25 | Encolar | Villager (Male) |
| 15:35 | Encolar | Villager (Male) |
| 15:35 | Encolar | Archer |
| 15:46 | Encolar | Villager (Male) |
| 15:53 | Construir | House |
| 15:55 | Encolar | Villager (Male) |
| 15:57 | Construir | Farm |
| 16:17 | Encolar | Villager (Male) |
| 16:33 | Encolar | Villager (Male) |
| 17:03 | Encolar | Villager (Male) |
| 17:03 | Encolar | Villager (Male) |
| 17:14 | Encolar | Archer |
| 17:14 | Encolar | Archer |
| 17:46 | Encolar | Villager (Male) |
| 17:51 | Encolar | Archer |
| 17:53 | Construir | Archery Range |
| 18:18 | Encolar | Villager (Male) |
| 18:21 | Encolar | Archer |
| 18:23 | Encolar | Villager (Male) |
| 18:29 | Construir | Farm |
| 18:42 | Construir | Settlement |
| 18:48 | Encolar | Archer |
| 18:48 | Encolar | Archer |
| 19:01 | Construir | Farm |
| 19:13 | Construir | Palisade Wall |
| 19:14 | Encolar | Villager (Male) |
| 19:21 | Encolar | Archer |
| 19:24 | Investigar | Padded Archer Armor |
| 19:29 | Construir | Palisade Wall |
| 19:53 | Encolar | Archer |
| 19:53 | Encolar | Archer |
| 20:07 | Encolar | Archer |
| 20:07 | Encolar | Archer |
| 20:12 | Construir | House |
| 20:14 | Construir | Palisade Wall |
| 20:28 | Encolar | Villager (Male) |
| 20:33 | Construir | Market |
| 20:51 | Encolar | Archer |
| 20:53 | Encolar | Archer |
| 21:00 | Construir | House |
| 21:03 | Construir | House |
| 21:06 | Construir | Farm |
| 21:06 | Construir | Farm |
| 21:06 | Construir | Farm |
| 21:06 | Construir | Farm |
| 21:12 | Encolar | Villager (Male) |
| 21:34 | Construir | Settlement |
| 21:54 | Construir | Palisade Wall |
| 21:58 | Construir | Palisade Wall |
| 22:04 | Encolar | Villager (Male) |
| 22:05 | Encolar | Archer |
| 22:05 | Encolar | Archer |
| 22:14 | Construir | Palisade Wall |
| 22:50 | Investigar | Castle Age |
| 22:50 | Investigar | Castle Age |
| 22:56 | Construir | Palisade Wall |
| 23:15 | Encolar | Archer |
| 23:15 | Encolar | Archer |
| 23:22 | Investigar | Gold Mining |
| 23:37 | Construir | Farm |
| 23:42 | Investigar | Horse Collar |
| 23:43 | Encolar | Archer |
| 23:43 | Encolar | Archer |
| 24:12 | Encolar | Archer |
| 24:13 | Encolar | Archer |
| 24:21 | Construir | Farm |
| 24:22 | Construir | Farm |
| 24:36 | Construir | Archery Range |
| 24:39 | Encolar | Archer |
| 24:51 | Construir | House |
| 25:00 | Construir | Palisade Wall |
| 25:01 | Construir | Palisade Wall |
| 25:13 | Construir | House |
| 25:29 | Edad | Edad de los Castillos |
Cronología de la partida
| 4:35 | niksu · first_building Barracks |
| 7:09 | Alabaghar · first_building Barracks |
| 7:13 | niksu · wall_segment Palisade Wall x6 |
| 8:07 | Alabaghar · wall_segment Palisade Wall x1 |
| 8:09 | Alabaghar · wall_segment Palisade Wall x1 |
| 8:17 | Alabaghar · wall_segment Palisade Wall x2 |
| 8:53 | Alabaghar · age_up feudal |
| 9:10 | Alabaghar · first_building Archery Range |
| 9:15 | niksu · wall_segment Palisade Wall x2 |
| 9:21 | niksu · wall_segment Palisade Wall x7 |
| 9:22 | niksu · wall_segment Palisade Wall x4 |
| 9:41 | niksu · wall_segment Palisade Wall x5 |
| 10:07 | Alabaghar · wall_segment Palisade Wall x5 |
| 10:48 | Alabaghar · wall_segment Palisade Wall x1 |
| 11:33 | niksu · wall_segment Palisade Wall x3 |
| 11:59 | niksu · wall_segment Palisade Wall x1 |
| 12:18 | niksu · age_up feudal |
| 12:48 | niksu · wall_segment Palisade Wall x1 |
| 14:13 | niksu · wall_segment Palisade Wall x4 |
| 15:02 | Alabaghar · wall_segment Palisade Wall x1 |
| 19:13 | Alabaghar · wall_segment Palisade Wall x1 |
| 19:25 | niksu · first_market_buy 100 food |
| 19:29 | Alabaghar · wall_segment Palisade Wall x1 |
| 20:14 | Alabaghar · wall_segment Palisade Wall x1 |
| 21:54 | Alabaghar · wall_segment Palisade Wall x4 |
| 21:58 | Alabaghar · wall_segment Palisade Wall x1 |
| 22:14 | Alabaghar · wall_segment Palisade Wall x5 |
| 22:32 | Alabaghar · first_market_sell 100 wood |
| 22:38 | Alabaghar · first_market_buy 100 food |
| 22:56 | Alabaghar · wall_segment Palisade Wall x1 |
| 24:00 | niksu · age_up castle |
| 24:21 | niksu · first_building Siege Workshop |
| 25:00 | Alabaghar · wall_segment Palisade Wall x1 |
| 25:01 | Alabaghar · wall_segment Palisade Wall x1 |
| 25:29 | Alabaghar · age_up castle |
| 26:05 | Alabaghar · wall_segment Palisade Wall x1 |
| 26:50 | Alabaghar · first_building Siege Workshop |
| 30:44 | Alabaghar · resign |
[ ANÁLISIS IA · 1 CRÉDITO ]
¿Qué pasó realmente en esta partida?
Wolo.gg analiza cada decisión: build order, eco, micro, errores típicos por bracket. Análisis personalizado por WhatsApp o Discord en 30 segundos.
Guía civ
Muiscas
Perfil
Jugador #1885593